Unix NetHack Version 5.0.0-0 post-release - last build May 23 2026 06:08:33 (1c0ff79ee797540d5714e4e18072db0edd9e58ae,branch:main).

Game began 2026-05-26 00:19:21, ended 2026-05-26 00:34:25.

Jobair, neutral female human Tourist

                                                                       -------
                       -----------     -----                           |.....|
       ---------       |.........|     |...|                           |.....|
       |.......|      #..........|     |...|0##########################......|
       |.......|  #####|.........|     |...|#                          ----.--
       |.......|  #    |.........|     |...|                              ##
       |.......| ##    |(........|     |...|       ------------           #
       |.......-##     .*........|    #+..<.##    #...........|           #
       ------.-.       --|--------    #----- ######|.........>|           #
          ####          ##            # ########   |...........#          #
         ##             #             # #     #####...........|#          #
       (##              #             # #          |..........|#          #
  -----|----            #            ## #          |..........|##        ##
  |....@...|           -.----------- # ##          ------------ ######   #
  |((m(.(((|           |...........| # #                             # --|----
  |(((@d((.|           |............####                             # |...{.|
  ----------           |...........|                                 # |.....|
                       -------------                                 ##......|
                                                                       -------

Jobair the Sightseer        St:12 Dx:15 Co:18 In:10 Wi:6 Ch:14  Neutral
Dlvl:5  $:0  HP:0(47) Pw:15(15) AC:7  Xp:5 T:2027  Hungry   Burdened

Latest messages:
 You produce a high whistling sound.
 What do you want to call?
 Call a whistle: tin
 What do you want to drop?
 You drop a whistle called tin (unpaid, 13 zorkmids).
 You see here a leash (for sale, 27 zorkmids).
 Godzilla drops a towel.
 You are beginning to feel hungry.
 You stop.  Godzilla is in the way!
 You see here a blindfold (for sale, 27 zorkmids).
 Godzilla picks up a lamp called oil.
 That tinning kit is a small mimic!
 You miss the small mimic.
 You hit the small mimic.
 You hit the small mimic.
 The small mimic hits!
 You miss the small mimic.
 You miss the small mimic.
 Godzilla drops a lamp called oil.
 You miss the small mimic.
 You miss the small mimic.
 Godzilla picks up a blindfold.
 "For you, esteemed lady; only 27 zorkmids for this blindfold."
 You have a little trouble lifting P - a blindfold (unpaid, 27 zorkmids).
 You miss the small mimic.
 You hit the small mimic.
 The small mimic hits!
 Godzilla drops a blindfold.
 You miss the small mimic.
 Godzilla picks up a blindfold.
 You miss the small mimic.
 You miss the small mimic.
 You hit the small mimic.
 The small mimic hits!
 You miss the small mimic.
 You hit the small mimic!
 The small mimic hits!
 You miss the small mimic.
 You miss the small mimic.
 The small mimic hits!
 You hit the small mimic.
 You miss the small mimic.
 The small mimic hits!
 You die...
 Dark Eery comes and takes all your possessions.
 Do you want to see what you had when you died? [ynq] (y) y
 Do you want to see your attributes? [ynq] (y) y
 Do you want an account of creatures vanquished? [ynaq] (y) y
 Do you want to see your conduct and achievements? [ynq] (y) y
 Do you want to see the dungeon overview? [ynq] (y) y

Inventory:
 Weapons  (')')
  K - 7 +0 arrows
  L - a +0 bow
  H - 33 +2 darts (at the ready)
  w - 6 +0 darts
  n - 6 cursed -2 darts
  a - a +0 scimitar (weapon in right hand)
 Armor    ('[')
  s - an uncursed +0 orcish helm (being worn)
  i - an uncursed +0 Hawaiian shirt with a hula dancer motif
  u - an uncursed +0 leather armor (being worn)
 Comestibles  ('%')
  c - 2 uncursed apples
  e - 6 uncursed food rations
  d - an uncursed pancake
  f - 2 uncursed tripe rations
  b - 3 uncursed eggs
 Scrolls  ('?')
  o - a cursed scroll of confuse monster
  p - an uncursed scroll of enchant weapon
  M - a blessed scroll of food detection
  l - an uncursed scroll of identify
  A - an uncursed scroll of light
  h - 3 uncursed scrolls of magic mapping
  x - an uncursed scroll of scare monster
 Spellbooks  ('+')
  q - an uncursed spellbook of confuse monster
  J - an uncursed spellbook of cure sickness
  t - an uncursed spellbook of fireball
  v - an uncursed spellbook of teleport away
 Potions  ('!')
  F - an uncursed potion of enlightenment
  g - 3 uncursed potions of extra healing
  G - an uncursed potion of gain level
  y - 2 uncursed potions of healing
  r - 2 cursed potions of healing
  m - 2 uncursed potions of restore ability
  C - 2 potions of holy water named holy
  E - 2 uncursed potions of water
 Wands    ('/')
  B - a wand of digging (0:6)
 Tools    ('(')
  P - an uncursed blindfold
  k - an uncursed credit card
  j - an expensive camera (0:69)
  I - an uncursed magic whistle

Jobair the Tourist's attributes:

Background:
 You were a Sightseer, a level 5 female human Tourist.
 You were neutral, nominally on a mission for The Lady
 who was opposed by Blind Io (lawful) and Offler (chaotic).
 You were right-handed.
 You were in the Dungeons of Doom, on level 5.
 You entered the dungeon 2027 turns ago.
 It was the midnight hour.
 You had 161 experience points, 159 more were needed to attain level 6.

Basics:
 You had 0 out of 47 hit points.
 You had all 15 energy points (spell power).
 Your armor class was 7.
 Your wallet was empty.
 Autopickup was off.

Final Characteristics:
 Your strength was 12 (limit:18/100).
 Your dexterity was 15 (limit:18).
 Your constitution was 18 (limit:18).
 Your intelligence was 10 (limit:18).
 Your wisdom was 6 (limit:18).
 Your charisma was 14 (limit:18).

Final Status:
 You were hungry.
 You were burdened; movement was slightly slowed.
 You were wielding a saber.
 You were unskilled in saber.

Final Attributes:
 You were devoutly aligned.
 You were warded.
 You are dead.

Miscellaneous:
 You didn't encounter any bones levels.
 Total elapsed playing time was 15 minutes.

Major events:
 Turn
    1: Jobair the neutral female human Tourist entered the dungeon
  697: attained the rank of Sightseer (level 3)
 2027: killed by a small mimic

You didn't know any spells.

Skills:
 Fighting Skills
   bare handed combat [Unskilled]
   two weapon combat  [Unskilled]
   riding             [Unskilled]
 Weapon Skills
   dagger             [Unskilled]
   knife              [Unskilled]
   axe                [Unskilled]
   pick-axe           [Unskilled]
   short sword        [Unskilled]
   broadsword         [Unskilled]
   long sword         [Unskilled]
   two-handed sword   [Unskilled]
   saber              [Unskilled]
   mace               [Unskilled]
   morning star       [Unskilled]
   flail              [Unskilled]
   hammer             [Unskilled]
   quarterstaff       [Unskilled]
   polearms           [Unskilled]
   spear              [Unskilled]
   trident            [Unskilled]
   lance              [Unskilled]
   bow                [Unskilled]
   sling              [Unskilled]
   crossbow           [Unskilled]
   dart               [Basic]
   shuriken           [Unskilled]
   boomerang          [Unskilled]
   whip               [Unskilled]
   unicorn horn       [Unskilled]
 Spellcasting Skills
   divination spells  [Unskilled]
   enchantment spells [Unskilled]
   escape spells      [Unskilled]

Voluntary challenges:
 Character rerolling was not enabled.
 You were an atheist.
 You never genocided any monsters.
 You never polymorphed an object.
 You never changed form.
 You used no wishes.
Achievements:
 You attained the rank of Sightseer.
 You entered a shop.

 The Dungeons of Doom: levels 1 to 5
    Level 1:
       A fountain.
    Level 2:
    Level 3:
    Level 4:
       A potion shop, some fountains.
    Level 5: <- You were here.
       A tool shop, a sink.
       Final resting place for
          you, killed by a small mimic.


Vanquished creatures:
  a rock mole
  a fog cloud
  a shrieker
  a little dog
  a kobold leader
  a giant bat
 an orc zombie
 an iguana
  a large kobold
  2 hobgoblins
  2 giant rats
  a brown mold
  a red mold
  a gnome
  4 jackals
  2 kobolds
  2 goblins
  3 grid bugs
  a bat
  5 lichens
  2 kobold zombies
  a newt
36 creatures vanquished.

No species were genocided or became extinct.

Game over:
                       ----------
                      /          \
                     /    REST    \
                    /      IN      \
                   /     PEACE      \
                  /                  \
                  |      Jobair      |
                  |       0 Au       |
                  |   killed by a    |
                  |   small mimic    |
                  |                  |
                  |                  |
                  |       2026       |
                 *|     *  *  *      | *
        _________)/\\_//(\/(/\)/\//\/|_)_______

Aloha Jobair the Tourist...

You died in The Dungeons of Doom on dungeon level 5 with 854 points,
and 0 pieces of gold, after 2027 moves.
You were level 5 with a maximum of 47 hit points when you died.

